 Dungeon Crawl Stone Soup version 0.29.1-15-g9cfb28693d (webtiles) character file.

Game seed: 15024208010952007651

35 safid the Chiller (level 3, -4/26 HPs)
             Began as a Merfolk Ice Elementalist on Mar 3, 2023.
             Constricted to death by Sigmund (6 damage)
             ... on level 2 of the Dungeon.
             The game lasted 00:03:08 (1186 turns).

safid the Chiller (Merfolk Ice Elementalist)        Turns: 1186, Time: 00:03:09

Health: -4/26      AC:  2    Str:  8    XL:     3   Next: 35%
Magic:  9/15       EV:  9    Int: 16    God:
Gold:   56         SH:  0    Dex: 14    Spells: 3/7 levels left

rFire   . . .      SeeInvis .   n - +0 dagger
rCold   . . .      Faith    .   (no shield)
rNeg    . . .      Spirit   .   a - +0 robe
rPois   .          Reflect  .   (no helmet)
rElec   .          Harm     .   (no cloak)
rCorr   .          Rampage  .   (no gloves)
Will    .....                   (no boots)
Stlth   ++........              l - amulet of regeneration
HPRegen 0.88/turn               h - ring of magical power
MPRegen 0.14/turn               (no ring)

@: grasped by roots, freezing walls, constricted
A: (nimble swimmer 2), mertail
a: no special abilities


You were on level 2 of the Dungeon.
You visited 1 branch of the dungeon, and saw 2 of its levels.

You collected 56 gold pieces.

Inventory:

Hand Weapons
 n - a +0 dagger (weapon)
Armour
 a - a +0 robe (worn)
Jewellery
 h - a ring of magical power (left hand)
 l - an amulet of regeneration (around neck)
Scrolls
 c - 4 scrolls of identify {unknown}
 d - a scroll of blinking {unknown}
 e - a scroll of noise {unknown}
 j - 2 scrolls of fear {unknown}
 k - a scroll of brand weapon {unknown}
 o - a scroll of fog {unknown}
Potions
 b - a potion of magic
 f - a potion of invisibility {unknown}
 g - a potion of might {unknown}
 i - a potion of heal wounds {unknown}
 m - 2 potions of curing {unknown}


   Skills:
 + Level 1.6 Fighting
 - Level 2.6 Dodging
 - Level 2.1 Stealth
 + Level 2.5 Spellcasting
 + Level 4.8 Ice Magic


You had 3 spell levels left.
You knew the following spells:

 Your Spells              Type           Power      Damage    Failure   Level
a - Freeze                Ice            68%        1d8       2%          1
b - Frozen Ramparts       Ice            34%        1d6       9%          3

Your spell library contained the following spells:

 Spells                   Type           Power      Damage    Failure   Level
 Ozocubu's Armour         Ice            17%        N/A       9%          3
 Hailstorm                Conj/Ice       9%         3d4       58%         4


Dungeon Overview and Level Annotations

Branches:
Dungeon (2/15)

Altars:

Annotations:
D:2 Robin, Sigmund


Innate Abilities, Weirdness & Mutations

((You are very nimble when in or above water. (Stealth+, EV+, Speed+++)))
Your lower body shifts to a powerful aquatic tail in water.


Message History

Sigmund shouts!
The wall freezes Sigmund.
The wall freezes Sigmund but does no damage.
Sigmund gestures wildly while chanting.
Sigmund flickers and vanishes!
Deactivating autopickup; reactivate with Ctrl-A.
The wall freezes something.
Something hits you!
The frozen ramparts melt away.
Something hits you.
Casting: Frozen Ramparts (quite dangerous; 9% risk of failure)
Confirm with . or Enter, or press ? or * to list all spells.
You can't see any susceptible monsters within range! (Use Z to cast anyway.)
There is a strange disturbance nearby!
Casting: Frozen Ramparts (quite dangerous; 9% risk of failure)
Confirm with . or Enter, or press ? or * to list all spells.
You can't see any susceptible monsters within range! (Use Z to cast anyway.)
Casting: Frozen Ramparts (quite dangerous; 9% risk of failure)
Confirm with . or Enter, or press ? or * to list all spells.
The spell is quite dangerous to miscast (9% risk of failure)!
Continue anyway?
Casting: Frozen Ramparts (quite dangerous; 9% risk of failure)
Press: ? - help, Dir - look around, f - activate The walls around you are covered in ice.
The wall freezes something.
A magic dart appears from out of thin air!
The magic dart hits you.
The wall freezes something.
A magic dart appears from out of thin air!
The magic dart hits you.
The wall freezes something.
Something hits you.
* * * LOW HITPOINT WARNING * * *
Okay, then.
The wall freezes something.
You hear a zap.
The roots erupt in riotous growth!
The grasping roots grab you!
You are constricted.
* * * LOW HITPOINT WARNING * * *
You hear a shout!
The wall freezes something.
Something hits you but does no damage.
You are constricted.
You die...

##########
.........#
.........#
.........#
.........#
.........#
.........###########
@....###†{†@.......#
...# ########....#
.. ####....# .
#.......# ........#
###.....# #########
##....# #.......#
#....# #<).....#
###..####+####


There were no monsters in sight!

Vanquished Creatures
  2 adders (D:2)
  An endoplasm (D:2)
  2 giant cockroaches
  3 hobgoblins
  2 kobolds (D:1)
  A quokka (D:2)
  2 ball pythons (D:1)
  2 frilled lizards (D:2)
  A rat (D:1)
16 creatures vanquished.

Vanquished Creatures (others)
  A fungus (D:2)
  4 plants (D:2)
5 creatures vanquished.

Grand Total: 21 creatures vanquished

Notes
Turn   | Place    | Note
-------+----------+-------------------------------------------
     0 | D:1      | safid the Merfolk Ice Elementalist began the quest for the
                  | Orb.
     0 | D:1      | Reached XP level 1. HP: 13/13 MP: 3/3
   708 | D:1      | Reached XP level 2. HP: 20/20 MP: 5/5
   952 | D:2      | Reached skill level 1 in Fighting
   996 | D:2      | Noticed Robin
  1051 | D:2      | Reached XP level 3. HP: 22/26 MP: 6/6
  1057 | D:2      | Learned a level 3 spell: Frozen Ramparts
  1158 | D:2      | Noticed Sigmund
  1185 | D:2      | HP: 1/26 [something (3)]
  1186 | D:2      | Constricted to death by Sigmund

Illustrated notes

Levels and vault maps discovered:
D:1:      minmay_arrival_shattered_statue, layout_loops_cross
D:2:      kennysheep_six_static_rooms, layout_rooms,
          shapermc_ecumenical_altar_acropolis, uniq_sigmund, uniq_robin

Skill      XL: |  1  2 |
---------------+-------+-----
Fighting       | 1 |  1.6
Dodging        | |  2.6
Stealth        | |  2.1
Spellcasting   | |  2.5
Ice Magic      | |  4.8

Action                   || total
-------------------------++-------
Melee: Dagger            ||    14
 Cast: Freeze            ||    18
       Frozen Ramparts   ||     3
Armor: Robe              ||     6
Dodge: Dodged            ||    17
